 Dungeon Crawl Stone Soup version 0.23.2-1-ga50397a6bc (webtiles) character file.

Game seed: 14679949354004441151

236 Foic the Skirmisher (level 6, -2/51 HPs)
             Began as a Formicid Abyssal Knight on May 15, 2019.
             Was a Follower of Lugonu.
             Slain by a kobold
             ... wielding a +0 dagger
              (4 damage)
             ... on level 2 of the Dungeon.
             The game lasted 00:05:04 (1204 turns).

Foic the Skirmisher (Formicid Abyssal Knight)       Turns: 1204, Time: 00:05:04

Health: -2/51      AC: 10    Str: 16    XL:     6   Next: 27%
Magic:  7/7        EV: 11    Int: 12    God:    Lugonu [*.....]
Gold:   61         SH:  0    Dex: 12    Spells: 5/5 levels left

rFire    . . .     SeeInvis +   a - +1 hand axe
rCold    . . .     Gourm    .   (no shield)
rNeg     . . .     Faith    .   e - +3 ring mail
rPois    .         Spirit   .   (helmet unavailable)
rElec    .         Reflect  .   o - +1 cloak
rCorr    .         Harm     .   (no gloves)
MR       .....                  (no boots)
Stlth    +.........             (no amulet)
HPRegen  0.17/turn              (no ring)
MPRegen  0.10/turn              (no ring)

@: no status effects
A: permanent stasis, dig shafts and tunnels, four strong arms, antennae 3
a: Dig, Shaft Self, Depart the Abyss, Renounce Religion


You were on level 2 of the Dungeon.
You worshipped Lugonu.
Lugonu was aware of your devotion.
You were not hungry.

You visited 1 branch of the dungeon, and saw 2 of its levels.
You visited the Abyss 1 time.

You collected 61 gold pieces.

Inventory:

Hand Weapons
 a - a +1 hand axe (weapon)
Missiles
 d - a javelin (quivered)
 g - 38 stones
 k - 20 sling bullets
Armour
 b - a +0 leather armour
 e - a +3 ring mail (worn)
 o - a +1 cloak (worn)
Wands
 h - a wand of digging (8)
Scrolls
 f - a scroll of remove curse
 j - a scroll of fog {unknown}
 m - 3 scrolls of identify {unknown}
 n - a scroll of amnesia
Potions
 i - a potion of lignification {unknown}
Comestibles
 c - a ration


   Skills:
 * Level 5.0 Fighting
 + Level 3.8 Axes
 + Level 3.1 Armour
 + Level 2.0 Dodging
 + Level 1.0 Stealth
 + Level 2.2 Invocations


You had 5 spell levels left.
You didn't know any spells.
Your spell library was empty.

Dungeon Overview and Level Annotations

Branches:
Dungeon (2/15)

Altars:


Innate Abilities, Weirdness & Mutations

You cannot be hasted, slowed, berserked, paralysed or teleported.
You can dig through walls and to a lower floor.
Your four strong arms can wield two-handed weapons with a shield.
You have a pair of large antennae on your head. (SInv)


Message History

Sigmund smiles chillingly.
Sigmund barely misses you.
You barely miss Sigmund.
Sigmund is almost dead.
Sigmund gestures wildly while chanting.
Sigmund flickers and vanishes for a moment.
You slash Sigmund!
You kill Sigmund!
Lugonu accepts your kill.
Your Fighting skill increases to level 5!
Your Axes skill increases to level 3!
Your Armour skill increases to level 3!
Your Dodging skill increases to level 2!
Your Stealth skill increases to level 1!
You have reached level 5!
You have reached level 6!
Your experience leads to an increase in your attributes!
Increase (S)trength, (I)ntelligence, or (D)exterity?
You feel agile.
You closely miss the kobold. The kobold hits you with a +0 dagger.
You die...

..........#............
..).....#.#.............
<..........%............
.รท..#####...............
................>.......
#...####................
##.####).###..#.........
........## .#<.K....[.
......###... #.@).$....
..##.......# #.........
..###......# #.........
... ......... ........(.
..####....######........
..# ....# ##......# ..#
.#### .###### .. .# .#


You could see a kobold.

Vanquished Creatures
  Sigmund (D:2)
  Terence (D:2)
  2 adders (D:2)
  2 dart slugs (D:1)
  3 hobgoblins
  5 bats
  A frilled lizard (D:1)
  2 goblins
  4 kobolds (D:1)
  2 rats
23 creatures vanquished.

Notes
Turn   | Place    | Note
-------+----------+-------------------------------------------
     0 | Abyss:1  | Foic the Formicid Abyssal Knight began the quest for the
                  | Orb.
     0 | Abyss:1  | Reached XP level 1. HP: 18/18 MP: 2/2
     4 | Abyss:1  | Found a corrupted altar of Lugonu.
    84 | Abyss:1  | Noticed a small abomination
    90 | D:1      | Escaped the Abyss
   134 | D:1      | Reached skill level 1 in Dodging
   136 | D:1      | Reached * piety under Lugonu
   199 | D:1      | Reached XP level 2. HP: 20/25 MP: 3/3
   733 | D:2      | Noticed Terence
   761 | D:2      | Killed Terence
   761 | D:2      | Reached skill level 4 in Fighting
   761 | D:2      | Reached XP level 3. HP: 19/30 MP: 4/4
   929 | D:2      | Reached XP level 4. HP: 28/37 MP: 5/5
  1138 | D:2      | Noticed Sigmund
  1201 | D:2      | HP: 1/38 [Sigmund/+0 scythe (10)]
  1204 | D:2      | Killed Sigmund
  1204 | D:2      | Reached skill level 5 in Fighting
  1204 | D:2      | Reached skill level 1 in Stealth
  1204 | D:2      | Reached XP level 5. HP: 1/44 MP: 6/6
  1204 | D:2      | Reached XP level 6. HP: 2/51 MP: 7/7
  1204 | D:2      | Slain by a kobold

Skill      XL: |  1  2  3  4 |
---------------+-------------+-----
Dodging        | 1 2 |  2.0
Fighting       | 4 5 |  5.0
Axes           | 3 |  3.8
Armour         | 3 |  3.1
Stealth        | 1 |  1.0
Invocations    | |  2.2

Action                   |  1- 3 |  4- 6 || total
-------------------------+-------+-------++-------
Melee: Hand axe          |    73 |    18 ||    91
Throw: Javelin           |       |     2 ||     2
Invok: Depart the Abyss  |     1 |       ||     1
  Use: Scroll            |     4 |       ||     4
  Eat: Chunk             |       |     1 ||     1
Armor: Leather armour    |    14 |       ||    14
       Ring mail         |    19 |     4 ||    23
Dodge: Dodged            |    62 |     8 ||    70
